Map: Daybreak LE (Void)

Players

Vector - Winner!

  • Race: Zerg Zerg
  • Spawn Location: 7:00

riffraff

  • Race: Terran Terran
  • League: Gold
  • Spawn Location: 1:00

VOD

https://youtu.be/Ni_duO8AXLc

Description

Time

  • Played on: Jan. 20, 2017, 10:39 a.m.
  • Length: 6:49
Show
View Real Time Build Order
Export as new Build Order

Vector Zerg - Winner!

Build Orders: Hatch First 

Get SALT Encoding   

  12  0:01  Drone  
  13  0:13  Overlord  
  13  0:23  Drone  
  14  0:31  Drone x2  
  16  0:37  Drone  
  17  0:46  Drone  
  18  0:58  Hatchery  
  18  1:01  Drone  
  18  1:08  Drone  
  19  1:19  Spawning Pool  
  19  1:22  Drone, Extractor  
  18  1:28  Drone  
  18  1:31  Extractor  
  18  1:40  Drone  
  19  1:50  Drone  
  20  2:05  Overlord  
  20  2:07  Queen  
  22  2:10  Queen  
  22  2:11  Drone  
  25  2:20  Drone  
  26  2:33  Drone x2  
  26  2:34  Roach Warren  
  26  2:36  Drone  
  28  2:40  Drone  
  29  2:55  Drone x4  
  33  3:03  Overlord  
  33  3:22  Roach  
  33  3:23  Roach x4  
  43  3:30  Lair  
  43  3:36  Overlord  
  43  3:37  Drone  
  44  3:47  Overlord  
  44  3:54  Evolution Chamber  
  44  3:55  Evolution Chamber, Roach x2  
  46  3:58  Ravager x2  
  46  4:00  Ravager  
  49  4:05  Spore Crawler  
  49  4:08  Spore Crawler  
  47  4:10  Roach  
  49  4:36  Roach  
  49  4:37  Roach x4  
  59  4:38  Overlord x2  
  59  4:45  Glial Reconstitution  
  59  4:51  Drone  
  60  4:53  Overlord  
  60  5:09  Drone x3  
  60  5:10  Extractor x2  
  61  5:20  Roach x2  
  64  5:31  Roach  
  60  5:58  Drone x2  
  60  5:59  Drone x3  
Show
View Real Time Build Order
Export as new Build Order

riffraff Terran 

Build Orders:  

Get SALT Encoding   

  12  0:01  SCV  
  13  0:13  SCV  
  14  0:20  Supply Depot  
  14  0:25  SCV  
  15  0:41  SCV  
  16  0:43  Barracks  
  16  0:50  Refinery  
  16  0:53  SCV  
  17  1:05  SCV  
  18  1:17  SCV  
  19  1:32  Marine  
  20  1:34  Command Center  
  20  1:42  Orbital Command  
  20  1:50  Marine  
  21  2:04  Supply Depot  
  21  2:07  Marine  
  22  2:16  Factory  
  22  2:21  SCV  
  23  2:23  Refinery  
  23  2:29  Marine  
  24  2:33  SCV  
  24  2:37  Supply Depot  
  24  2:45  SCV  
  24  2:51  Orbital Command  
  25  2:58  SCV  
  26  3:07  Starport  
  26  3:09  Widow Mine  
  26  3:10  SCV  
  29  3:21  Barracks Tech Lab, SCV  
  29  3:22  SCV  
  31  3:31  Bunker  
  31  3:33  SCV  
  32  3:35  SCV  
  32  3:38  Engineering Bay  
  33  3:43  Widow Mine  
  33  3:47  Medivac  
  37  3:50  SCV  
  37  3:51  SCV  
  39  3:58  Stimpack  
  39  4:01  Marauder  
  41  4:04  SCV  
  41  4:07  SCV  
  43  4:10  Supply Depot  
  43  4:12  Missile Turret  
  43  4:16  SCV  
  44  4:19  SCV  
  44  4:24  Refinery  
  45  4:27  Marine  
  45  4:28  SCV  
  47  4:32  Barracks x2, Starport Reactor  
  47  4:36  Widow Mine  
  49  4:44  Marine  
  50  4:50  SCV x2  
  52  4:56  Refinery  
  52  4:58  Supply Depot  
  52  4:59  Armory  
  52  5:02  Supply Depot, SCV x2  
  54  5:21  Marine  
  54  5:22  Barracks Reactor  
  54  5:24  Supply Depot  
  54  5:28  Barracks Reactor  
  52  5:37  Liberator  
  54  5:57  SCV  
  54  6:02  Bunker  
  52  6:09  SCV  
  46  6:20  Marine x3  
  46  6:21  Factory, Marine  
  46  6:22  Supply Depot  
  46  6:23  Bunker  
  50  6:28  SCV  
  50  6:32  Supply Depot  
Tags
 
League
Gold
Matchup
TvZ
Spawn Locations
Cross Positions
Add a new tag
Caveats
  • Supply blocks, unpowered buildings, or Contaminate may cause inaccurate times.
  • Supply counts are checked every 10 seconds.